AoeStats
← Hakdonis

Arena

510061259Analyzed
4v4 RM · 4d ago on Sep 29, 2026· 49m 59s· 8 players
Game mode
Random Map
Map size
Large (8 player)
Population
200
Speed
Normal
Resources
Standard
Victory
Conquest
Starting age
Dark Age
Ending age
Imperial Age
RankedLock teamsTeams togetherTeam positionsShared explorationLock speedFull tech treeHidden civsTurbo modeCheats
Victory
Defeat
🇲🇽 Persians · Mexico
1044
+16
🇩🇪 Hindustanis · Germany
1029
+16
🇦🇹 Gurjaras · Austria
997
+18
🇩🇪 Khmer · Germany
996
+18
🇹🇷 Mongols · Türkiye
1163
-22
🇨🇳 Burgundians · China
1045
-17
🇹🇼 Romans · Taiwan
1006
-16
🇪🇸 Shu · Spain
930
-13
eduhaas
10:44 Feudal Age
14:12 Castle Age
12:01 Double-Bit Axe
12:24 Horse Collar
16:00 Bow Saw
17:07 Wheelbarrow
21:57 Heavy Plow
25:29 Loom
28:28 Imperial Age
26:44 Loom
27:14 Hand Cart
26:45 Town Watch
27:19 Forging
27:15 Scale Barding Armor
27:18 Gold Mining
27:18 Stone Mining
28:17 Ballistics
29:14 Chain Barding Armor
29:30 Iron Casting
30:00 Chemistry
30:32 Plate Barding Armor
29:43 Elite War Elephant
30:43 Conscription
31:42 Gold Shaft Mining
31:42 Stone Shaft Mining
32:12 Two-Man Saw
31:52 Crop Rotation
32:21 Husbandry
36:16 Blast Furnace
35:07 Fletching
35:17 Padded Archer Armor
King_Slayyyer23
7:06 Loom
10:34 Feudal Age
11:50 Feudal Age
15:19 Castle Age
13:25 Double-Bit Axe
13:33 Horse Collar
18:18 Scale Barding Armor
22:16 Squires
21:37 Pikeman
22:23 Husbandry
22:33 Bloodlines
22:51 Gold Mining
23:31 Bow Saw
24:21 Bloodlines
25:41 Chain Barding Armor
25:31 Forging
29:01 Wheelbarrow
29:18 Iron Casting
32:11 Imperial Age
31:33 Fortified Wall
32:13 Fletching
33:28 Plate Barding Armor
33:53 Blast Furnace
34:01 Heavy Camel Rider
35:31 Conscription
36:05 Hand Cart
35:36 Town Watch
36:03 Bodkin Arrow
37:12 Chemistry
37:44 Shatagni
38:00 Light Cavalry
39:10 Padded Archer Armor
39:11 Bracer
39:32 Hussar
40:48 Imperial Camel Rider
43:05 Leather Archer Armor
44:27 Ring Archer Armor
48:33 Town Patrol
max-on-war
12:24 Feudal Age
13:34 Double-Bit Axe
13:35 Horse Collar
16:59 Wheelbarrow
19:30 Castle Age
19:48 Fletching
22:50 Fortified Wall
22:42 Bodkin Arrow
24:31 Bow Saw
25:07 Hand Cart
28:42 Heavy Plow
33:09 Imperial Age
30:37 Gold Mining
30:59 Thumb Ring
31:43 Husbandry
31:49 Padded Archer Armor
32:55 Bloodlines
33:03 Leather Archer Armor
33:32 Ballistics
33:12 Elite Elephant Archer
34:25 Bracer
35:19 Gold Shaft Mining
34:35 Stone Mining
36:49 Chemistry
37:16 Stone Shaft Mining
37:42 Crop Rotation
41:47 Kshatriyas
42:05 Conscription
45:18 Scale Mail Armor
45:24 Scale Barding Armor
45:30 Forging
44:44 Man-at-Arms
46:50 Frontier Guards
47:08 Heavy Camel Rider
47:12 Elite Shrivamsha Rider
49:56 Chain Barding Armor
50:12 Iron Casting
Hakdonis
1:29 Loom
11:01 Feudal Age
17:17 Castle Age
15:27 Double-Bit Axe
16:00 Horse Collar
18:13 Pikeman
23:37 Heavy Plow
25:39 Wheelbarrow
25:45 Bow Saw
27:22 Gold Mining
27:43 Stone Mining
31:20 Imperial Age
29:30 Tusk Swords
29:56 Hand Cart
29:55 Fletching
30:38 Husbandry
30:51 Bloodlines
30:58 Bodkin Arrow
31:56 Gold Shaft Mining
31:43 Ballistics
31:55 Forging
33:26 Chemistry
35:55 Crop Rotation
34:49 Elite Battle Elephant
35:58 Bracer
35:58 Padded Archer Armor
36:09 Town Watch
37:48 Leather Archer Armor
37:44 Scale Barding Armor
38:44 Iron Casting
40:10 Conscription
40:19 Chain Barding Armor
43:18 Plate Barding Armor
42:35 Elite Ballista Elephant
44:18 Blast Furnace
44:14 Town Patrol
44:05 Capped Ram
48:40 Stone Shaft Mining
fer_es_merengue9
9:02 Loom
11:06 Feudal Age
12:12 Double-Bit Axe
14:37 Loom
17:16 Castle Age
15:10 Horse Collar
16:40 Gold Mining
16:47 Stone Mining
18:33 Bow Saw
21:23 Heavy Plow
23:04 Crossbowman
23:50 Thumb Ring
25:11 Fletching
26:24 Bodkin Arrow
26:30 Padded Archer Armor
28:50 Gold Shaft Mining
32:18 Imperial Age
31:45 Treadmill Crane
32:26 Ballistics
32:18 Fortified Wall
33:13 Wheelbarrow
32:23 Town Watch
33:15 Coiled Serpent Array
33:37 Conscription
33:29 Bracer
33:43 Pikeman
34:24 Squires
35:41 Scale Mail Armor
35:54 Forging
36:00 Leather Archer Armor
35:42 Gambesons
36:06 Arbalester
37:25 Hand Cart
37:11 Town Patrol
37:52 Chain Mail Armor
37:01 Arbalester
39:08 Murder Holes
40:14 Chemistry
39:25 Masonry
39:22 Siege Engineers
39:57 Halberdier
41:15 Plate Mail Armor
41:17 Ring Archer Armor
273204066
3:37 Double-Bit Axe
6:21 Horse Collar
12:18 Feudal Age
13:27 Heavy Plow
16:01 Castle Age
14:26 Bow Saw
15:19 Gold Mining
16:19 Light Cavalry
16:46 Loom
17:16 Forging
18:11 Husbandry
22:46 Wheelbarrow
23:44 Crop Rotation
26:13 Stone Mining
27:56 Stone Shaft Mining
31:40 Imperial Age
29:52 Iron Casting
29:22 Scale Barding Armor
29:23 Town Watch
29:29 Treadmill Crane
30:33 Scale Barding Armor
31:42 Redemption
32:02 Burgundian Vineyards
31:55 Murder Holes
32:10 Masonry
33:02 Conscription
33:16 Elite Coustillier
34:41 Block Printing
34:46 Sanctity
36:24 Chemistry
35:35 Masonry
35:53 Sanctity
36:47 Two-Man Saw
36:14 Devotion
37:10 Hoardings
37:39 Bombard Tower
39:43 Blast Furnace
38:44 Scale Mail Armor
39:19 Pikeman
39:59 Squires
41:28 Gold Shaft Mining
40:51 Onager
42:41 Fletching
43:12 Chain Barding Armor
ikaradayi976
9:54 Feudal Age
14:32 Castle Age
13:19 Double-Bit Axe
13:15 Horse Collar
15:49 Bow Saw
17:16 Loom
20:25 Wheelbarrow
22:00 Heavy Plow
22:31 Gold Mining
23:47 Hand Cart
27:48 Imperial Age
26:19 Gold Shaft Mining
26:05 Fletching
27:22 Bodkin Arrow
27:43 Husbandry
27:54 Bloodlines
28:40 Ballistics
28:32 Padded Archer Armor
28:38 Thumb Ring
28:59 Parthian Tactics
29:21 Onager
30:06 Stone Mining
30:42 Bracer
31:24 Siege Engineers
32:20 Chemistry
31:51 Drill
33:06 Town Watch
34:26 Leather Archer Armor
33:54 Siege Onager
35:53 Stone Shaft Mining
36:09 Hoardings
35:59 Elite Mangudai
36:53 Capped Ram
37:29 Sappers
38:19 Conscription
37:57 Siege Ram
38:42 Heavy Scorpion
49:05 Scale Mail Armor
DangerWashington
0:56 Loom
14:10 Feudal Age
18:54 Castle Age
18:46 Double-Bit Axe
18:47 Horse Collar
20:21 Wheelbarrow
19:49 Gold Mining
20:26 Bloodlines
20:54 Scale Barding Armor
21:29 Forging
21:46 Husbandry
22:52 Heavy Plow
23:58 Chain Barding Armor
25:26 Iron Casting
30:23 Pikeman
31:04 Squires
30:26 Man-at-Arms
34:13 Scale Mail Armor
37:48 Imperial Age
35:36 Hand Cart
35:07 Town Watch
37:18 Ballistics
37:09 Fortified Wall
36:56 Murder Holes
38:07 Bow Saw
38:50 Conscription
40:37 Chemistry
39:51 Masonry
41:15 Ballistas
42:52 Heavy Scorpion
46:51 Fletching
Connection lost

Rejoining the realm…

Still unreachable

The connection could not be restored.

Session expired

The server has moved on; the page needs a fresh start.